 Dungeon Crawl Stone Soup version 0.28.0-53-g5a82cb258f (webtiles) character file.

Game seed: 10430561177150149789

283 Zeld the Digger (level 6, 0/32 HPs)
             Began as a Gargoyle Earth Elementalist on June 13, 2022.
             Blown up by Ijyb (16 damage)
             ... with a mindburst bolt
             ... on level 3 of the Dungeon.
             The game lasted 00:07:08 (3140 turns).

Zeld the Digger (Gargoyle Earth Elementalist)       Turns: 3140, Time: 00:07:09

Health: 0/32       AC:  9    Str: 11    XL:     6   Next: 28%
Magic:  1/12       EV: 26    Int: 18    God:
Gold:   90         SH:  0    Dex: 10    Spells: 3/13 levels left

rFire   . . .      SeeInvis .   (no weapon)
rCold   . . .      Faith    .   (no shield)
rNeg    + + .      Spirit   .   b - +0 robe
rPois   ∞          Reflect  .   (no helmet)
rElec   +          Harm     .   (no cloak)
rCorr   .          Rampage  .   h - +0 pair of gloves
Will    .....                   o - +1 pair of boots
Stlth   ++........              j - amulet of the acrobat
HPRegen 0.10/turn               a - ring of positive energy
MPRegen 0.13/turn               (no ring)

@: acrobatic
A: sickness immunity, AC +4, negative energy resistance 1, electricity
resistance, torment resistance 1, petrification resistance
a: no special abilities


You were on level 3 of the Dungeon.
You visited 1 branch of the dungeon, and saw 3 of its levels.

You collected 90 gold pieces.

Inventory:

Missiles
 c - 60 stones
Armour
 b - a +0 robe (worn)
 h - a +0 pair of gloves (worn)
 o - a +1 pair of boots (worn)
Jewellery
 a - a ring of positive energy (left hand)
 j - an amulet of the acrobat (around neck)
Scrolls
 d - 2 scrolls of identify {unknown}
 e - a scroll of blinking {unknown}
 f - a scroll of enchant weapon {unknown}
 i - 2 scrolls of teleportation {unknown}
 k - a scroll of amnesia {unknown}
 m - a scroll of noise {unknown}
 n - a scroll of enchant armour {unknown}
 q - a scroll of holy word {unknown}
Potions
 g - a potion of might {unknown}
 l - 2 potions of invisibility {unknown}
 p - a potion of mutation {unknown}
 r - a potion of curing {unknown}


   Skills:
 - Level 1.5 Dodging
 - Level 2.1 Stealth
 * Level 4.0 Spellcasting
 - Level 2.0 Transmutations
 * Level 6.1 Earth Magic


You had 3 spell levels left.
You knew the following spells:

 Your Spells              Type           Power      Damage    Failure   Level
a - Sandblast             Erth           50%        2d12      1%          1
b - Passwall              Tmut/Erth      15%        N/A       4%          2
c - Stone Arrow           Conj/Erth      28%        3d8       13%         3
d - Petrify               Tmut/Erth      18%        N/A       28%         4

Your spell library contained the following spells:

 Spells                   Type           Power      Damage    Failure   Level
 Slow                     Hex            12%        N/A       14%         1
 Summon Small Mammal      Summ           12%        N/A       14%         1
 Call Canine Familiar     Summ           3%         N/A       41%         3
 Confusing Touch          Hex            3%         N/A       41%         3
 Summon Guardian Golem    Hex/Summ       3%         N/A       41%         3
 Vampiric Draining        Necr           3%         2d6       41%         3


Dungeon Overview and Level Annotations

Branches:
Dungeon (3/15)

Altars:
The Shining One

Shops:
D:3 (

Annotations:
D:3 Ijyb


Innate Abilities, Weirdness & Mutations

You are immune to sickness and miasma.
Your stone body is resilient. (AC +4)
You are immune to poison.
You resist negative energy. (rN+)
You are resistant to electric shocks. (rElec)
You are resistant to unholy torment.
You are immune to petrification.


Message History

Confirm with . or Enter, or press ? or * to list all spells.
The spell is quite dangerous to miscast (13% risk of failure)!
Continue anyway?
Aiming: Stone Arrow (quite dangerous; 13% risk of failure)
Press: ? - help, Shift-Dir - straight line, f/p - Ijyb
Aim: Ijyb, wielding a +0 club, wearing a +0 chain mail and carrying a wand of mindburst (4) (68% to hit)
The stone arrow hits Ijyb!
Ijyb is moderately wounded.
Ijyb barely misses you.
Casting: Stone Arrow (quite dangerous; 13% risk of failure)
Confirm with . or Enter, or press ? or * to list all spells.
The spell is quite dangerous to miscast (13% risk of failure)!
Continue anyway?
Aiming: Stone Arrow (quite dangerous; 13% risk of failure)
Press: ? - help, Shift-Dir - straight line, f/p - Ijyb
Aim: Ijyb, wielding a +0 club, wearing a +0 chain mail and carrying a wand of mindburst (4) (moderately wounded, 68% to hit)
The stone arrow hits Ijyb.
Ijyb is heavily wounded.
Ijyb hits you with a +0 club.
Casting: Stone Arrow (quite dangerous; 13% risk of failure)
Confirm with . or Enter, or press ? or * to list all spells.
The spell is quite dangerous to miscast (13% risk of failure)!
Continue anyway?
Aiming: Stone Arrow (quite dangerous; 13% risk of failure)
Press: ? - help, Shift-Dir - straight line, f/p - Ijyb
Aim: Ijyb, wielding a +0 club, wearing a +0 chain mail and carrying a wand of mindburst (4) (heavily wounded, 68% to hit)
The stone arrow misses Ijyb.
Ijyb zaps a wand.
You barely resist.
Unknown command.
Casting: Stone Arrow (quite dangerous; 13% risk of failure)
Confirm with . or Enter, or press ? or * to list all spells.
Aiming: Sandblast (safe; 1% risk of failure)
Press: ? - help, Shift-Dir - straight line, f/p - Ijyb
Aim: Ijyb, wielding a +0 club, wearing a +0 chain mail and carrying a wand of mindburst (3) (heavily wounded, 81% to hit)
The blast of sand hits Ijyb.
Ijyb is heavily wounded.
Ijyb hits you but does no damage.
You aren't carrying any items that you can evoke.
Unknown command.
Ijyb zaps a wand.
Your mind is blasted!
Found a faded altar of an unknown god.
Ijyb zaps a wand.
Your mind is blasted!
Ijyb zaps a wand.
Your mind is blasted!
Ouch! That really hurt!
You die...

#.#
#.#
#.#
#.##
#..#
##.##
#g.#
##.##
#@.#
##.#
...
..#.#
...
.#
..♣.
#
.♣_♣.
..♣
..


You could see Ijyb.

Vanquished Creatures
  Sigmund (D:2)
  3 gnolls (D:2)
  4 adders
  2 orcs
  7 endoplasms
  A giant cockroach (D:2)
  3 goblins
  5 hobgoblins
  4 jackals (D:1)
  4 kobolds
  A quokka (D:2)
  2 ball pythons
  4 bats
  2 frilled lizards
  5 rats
48 creatures vanquished.

Notes
Turn   | Place    | Note
-------+----------+-------------------------------------------
     0 | D:1      | Zeld the Gargoyle Earth Elementalist began the quest for
                  | the Orb.
     0 | D:1      | Reached XP level 1. HP: 10/10 MP: 3/3
   165 | D:1      | Reached skill level 1 in Transmutations
   165 | D:1      | Reached XP level 2. HP: 15/15 MP: 1/5
   174 | D:1      | Learned a level 2 spell: Passwall
   397 | D:1      | Reached skill level 4 in Earth Magic
   881 | D:2      | Found a glowing golden altar of the Shining One.
   962 | D:2      | Reached XP level 3. HP: 19/19 MP: 2/6
  1010 | D:1      | Learned a level 3 spell: Stone Arrow
  1542 | D:2      | Noticed Sigmund
  1631 | D:1      | Reached XP level 4. HP: 24/24 MP: 4/8
  1892 | D:2      | Killed Sigmund
  1893 | D:2      | Reached skill level 5 in Earth Magic
  1893 | D:2      | Reached XP level 5. HP: 13/28 MP: 1/10
  1893 | D:2      | Reached XP level 6. HP: 15/32 MP: 1/11
  2422 | D:2      | Learned a level 4 spell: Petrify
  2935 | D:3      | Reached skill level 6 in Earth Magic
  2969 | D:3      | Found Peamud's Weapon Emporium.
  3128 | D:3      | Noticed Ijyb
  3139 | D:3      | Found a faded altar of an unknown god.
  3140 | D:3      | Blown up by Ijyb

Illustrated notes

Levels and vault maps discovered:
D:1:      co_arrival_square_in_a_square_in_a_square, layout_loops_ring
D:2:      layout_loops_corners, basic_altar, uniq_sigmund
D:3:      layout_basic, nicolae_sif_muna_condensation, serial_shops, shop,
          chequers_ecumenical_altar_simple, uniq_ijyb

Skill      XL: |  1  2  3  4  5  6 |
---------------+-------------------+-----
Transmutations | 1 2 |  2.0
Earth Magic    | 4 5 6 |  6.1
Spellcasting   | 3 4 |  4.0
Dodging        | |  1.5
Stealth        | |  2.1

Action                   |  1- 3 |  4- 6 || total
-------------------------+-------+-------++-------
Melee: Unarmed           |     8 |    16 ||    24
 Cast: Sandblast         |    41 |    36 ||    77
       Stone Arrow       |       |     3 ||     3
Armor: Robe              |     6 |     7 ||    13
Dodge: Dodged            |    20 |    23 ||    43
